Map: Ley Lines

Players

vibuHeart - Winner!

  • Race: Protoss Protoss
  • League: Diamond
  • Spawn Location: 7:00

A.I. 1 (Very Easy)

  • Race: Protoss Protoss
  • Spawn Location: 1:00

VOD

Have the link to the VOD?

Description

Time

  • Played on: Jan. 13, 2025, 10:25 p.m.
  • Length: 7:55
Show
View Real Time Build Order
Export as new Build Order

vibuHeart Protoss - Winner!

Build Orders: Blink Stalkers 

Get SALT Encoding   

  12  0:00  Probe  
  13  0:12  Probe  
  14  0:16  Pylon  
  14  0:24  Probe  
  15  0:35  Gateway  
  15  0:37  Probe  
  16  0:49  Probe  
  17  0:51  Assimilator  
  17  0:57  Probe  
  18  1:05  Probe, Assimilator  
  19  1:12  Gateway  
  19  1:25  Cybernetics Core  
  19  1:32  Probe  
  20  1:36  Pylon  
  20  1:44  Probe  
  21  1:56  Probe  
  21  1:58  Stalker  
  22  2:04  Sentry  
  22  2:08  Probe  
  27  2:15  Warp Gate  
  28  2:25  Stalker  
  28  2:27  Pylon  
  30  2:30  Stalker  
  31  2:50  Nexus  
  31  3:00  Twilight Council  
  31  3:03  Probe  
  32  3:15  Probe  
  32  3:16  Blink  
  33  3:27  Probe  
  34  3:39  Probe  
  34  3:51  Probe  
  35  4:02  Probe  
  35  4:03  Probe  
  37  4:10  Probe  
  37  4:15  Probe  
  39  4:18  Probe  
  40  4:24  Nexus  
  40  4:27  Pylon  
  40  4:28  Probe  
  40  4:30  Probe  
  42  4:40  Probe  
  42  4:42  Probe, Pylon  
  44  4:47  Robotics Facility  
  44  4:52  Probe  
  45  4:54  Probe, Charge  
  46  5:02  Forge  
  46  5:04  Probe  
  46  5:06  Probe  
  48  5:14  Protoss Ground Weapons Level 1  
  48  5:16  Probe  
  48  5:18  Gateway  
  49  5:25  Gateway  
  49  5:30  Probe  
  49  5:31  Probe  
  51  5:39  Gateway  
  51  5:40  Gateway  
  51  5:41  Observer, Gateway  
  51  5:42  Probe  
  52  5:43  Probe  
  52  5:45  Gateway  
  54  5:50  Probe  
  54  5:54  Probe  
  54  5:55  Probe  
  57  6:01  Warp Prism  
  57  6:02  Probe  
  58  6:06  Probe  
  58  6:08  Probe  
  58  6:10  Stalker x2  
  66  6:16  Pylon  
  66  6:18  Stalker, Pylon  
  68  6:19  Pylon  
  68  6:22  Pylon  
  68  6:25  Stalker  
  70  6:33  Stalker x2  
  70  6:35  Stalker x2  
  70  6:38  Stalker  
  80  6:41  Stalker x2  
  84  6:48  Zealot  
  86  7:04  Zealot x7  
  100  7:27  Zealot x8  
  114  7:40  Pylon  
  114  7:41  Probe x2  
  114  7:42  Pylon  
  114  7:43  Pylon  
  116  7:45  Pylon  
  116  7:47  Pylon  
  116  7:54  Gateway  
  116  7:55  Gateway  
Show
View Real Time Build Order
Export as new Build Order

A.I. 1 (Very Easy) Protoss 

Build Orders:  

Get SALT Encoding   

  12  0:00  Probe  
  13  0:13  Probe  
  14  0:19  Pylon  
  14  0:37  Assimilator  
  14  0:42  Gateway  
  14  0:45  Pylon  
  14  1:12  Assimilator  
  14  1:17  Probe  
  14  1:25  Probe  
  15  1:31  Cybernetics Core  
  16  1:33  Probe  
  17  1:44  Probe  
  18  1:55  Probe  
  18  1:58  Warp Gate  
  19  2:04  Probe, Stalker  
  22  5:40  Zealot  
  22  5:41  Probe  
  22  5:42  Pylon  
  25  5:45  Robotics Facility  
  25  5:52  Probe  
  26  6:00  Probe  
  26  6:08  Probe  
  27  6:17  Probe  
  28  6:18  Pylon  
  27  6:33  Zealot  
  27  6:35  Observer  
  30  6:53  Observer  
  31  7:05  Nexus  
  31  7:21  Zealot  
  33  7:25  Pylon  
  27  7:35  Probe  
  27  7:36  Nexus  
Tags
 
Composition
Blink Stalkers
League
Diamond
Matchup
PvP
Spawn Locations
Cross Positions
Add a new tag
Caveats
  • Supply blocks, unpowered buildings, or Contaminate may cause inaccurate times.
  • Supply counts are checked every 10 seconds.